 Dungeon Crawl Stone Soup version 0.24.0-37-gcf1ca852f1 (webtiles) character file.

Game seed: 15402749011853073420, levelgen mode: deterministic

65 FishyPogo the Insei (level 4, -5/28 HPs)
             Began as an Octopode Transmuter on Dec 8, 2019.
             Slain by a gnoll
             ... wielding a +0 spear
              (6 damage)
             ... on level 2 of the Dungeon.
             The game lasted 00:03:28 (860 turns).

FishyPogo the Insei (Octopode Transmuter)            Turns: 860, Time: 00:03:31

Health: -5/28      AC:  1    Str:  9    XL:     4   Next: 14%
Magic:  4/7        EV: 13    Int: 15    God:
Gold:   32         SH:  0    Dex: 13    Spells: 3/7 levels left

rFire    . . .     SeeInvis .   b - +1 hand axe (elec)
rCold    . . .     Gourm    .   (no shield)
rNeg     . . .     Faith    .   (helmet restricted)
rPois    .         Spirit   .   (no amulet)
rElec    .         Reflect  .   (no ring)
rCorr    .         Harm     .   (no ring)
MR       .....                  (no ring)
Stlth    ++........             (no ring)
HPRegen  0.09/turn              (no ring)
MPRegen  0.10/turn              (no ring)
                                (no ring)
                                (no ring)

@: flying, very slightly contaminated
A: almost no armour, stealthy swim, amphibious, 8 rings, constrict 8, camouflage
1, gelatinous body 1
a: no special abilities


You were on level 2 of the Dungeon.
You were not hungry.

You visited 1 branch of the dungeon, and saw 2 of its levels.

You collected 32 gold pieces.

Inventory:

Hand Weapons
 b - a +1 hand axe of electrocution (weapon)
Missiles
 a - 12 arrows
Scrolls
 e - a scroll of remove curse {unknown}
 i - a scroll of amnesia {unknown}
Potions
 d - 2 potions of flight
 g - a potion of haste {unknown}
 h - a potion of berserk rage {unknown}
 j - a potion of heal wounds {unknown}
Comestibles
 c - 6 rations
 f - 6 chunks of flesh


   Skills:
 + Level 1.5 Fighting
 - Level 2.0 Dodging
 + Level 3.4 Unarmed Combat
 + Level 2.4 Spellcasting
 * Level 2.8 Transmutations
 * Level 1.5 Poison Magic


You had 3 spell levels left.
You knew the following spells:

 Your Spells              Type           Power        Failure   Level  Hunger
u - Spider Form           Tmut/Pois      #.........   26%         3    ###....
y - Beastly Appendage     Tmut           ##....       7%          1    #......

Your spell library contained the following spells:

 Spells                   Type           Power        Failure   Level  Hunger
 Sticks to Snakes         Tmut           ##......     10%         2    ###....
 Ice Form                 Ice/Tmut       #.......     75%         4    #####..
 Blade Hands              Tmut           ##........   88%         5    ######.


Dungeon Overview and Level Annotations

Branches:
Dungeon (2/15)

Altars:


Innate Abilities, Weirdness & Mutations

You cannot wear most types of armour.
You are very stealthy in the water. (Stealth+)
You are amphibious.
You can wear up to eight rings at the same time.
You can use your tentacles to constrict eight enemies at once.
Your skin changes colour to match your surroundings (Stealth+).
Your rubbery body absorbs attacks. (AC +1, EV +1)


Message History

You are too injured to fight recklessly!
You are too injured to fight recklessly!
You are too injured to fight recklessly!
You are too injured to fight recklessly!
You are too injured to fight recklessly!
There are monsters nearby!
Casting: Beastly Appendage (safe; 7% risk of failure)
Confirm with . or Enter, or press ? or * to list all spells.
You miscast Spider Form.
You are very lightly contaminated with residual magic.
You feel weak for a moment. The gnoll closely misses you.
The gnoll hits you with a +0 spear!
* * * LOW HITPOINT WARNING * * *
It was a potion of flight.
You feel very buoyant.
You fly up into the air.
The gnoll hits you from afar with a +0 spear.
* * * LOW HITPOINT WARNING * * *
The gnoll hits you with a +0 spear.
You die...

#.##.....##.###
##.#.......#
#.#.....#.#
#.#.#...#
#)#.#.#.#
#.#.#.#.#
#.#..รท..#
#.###.###.#
#@........#
#..gg.....#####
#.#######.# ###


You could see 2 gnolls.

Vanquished Creatures
  2 gnolls (D:2)
  An adder (D:2)
  5 dart slugs
  A ball python (D:1)
  4 bats (D:1)
  A goblin (D:1)
  3 hobgoblins
  3 frilled lizards (D:1)
  2 kobolds (D:1)
  7 rats
29 creatures vanquished.

Notes
Turn   | Place    | Note
-------+----------+-------------------------------------------
     0 | D:1      | FishyPogo the Octopode Transmuter began the quest for the
                  | Orb.
     0 | D:1      | Reached XP level 1. HP: 13/13 MP: 3/3
   197 | D:1      | Reached XP level 2. HP: 15/18 MP: 3/5
   487 | D:1      | Reached XP level 3. HP: 20/23 MP: 6/6
   492 | D:1      | Learned a level 3 spell: Spider Form
   792 | D:2      | Reached skill level 1 in Poison Magic
   856 | D:2      | Reached XP level 4. HP: 22/28 MP: 7/7
   860 | D:2      | HP: 1/28 [gnoll/+0 spear (1)]
   860 | D:2      | Slain by a gnoll

Levels and vault maps discovered:
D:1:      minmay_arrival_up_and_down, layout_basic, minmay_fountain_box,
          minmay_misc_feat_square, minmay_pentomino_z4
D:2:      layout_basic, first_ration, wad_floor_pattern_2, uniq_robin

Skill      XL: |  1  2  3 |
---------------+----------+-----
Poison Magic   | 1 |  1.5
Fighting       | |  1.5
Dodging        | |  2.0
Unarmed Combat | |  3.4
Spellcasting   | |  2.4
Transmutations | |  2.8

Action                   |  1- 3 |  4- 6 || total
-------------------------+-------+-------++-------
Melee: Unarmed           |    14 |       ||    14
       Hand axe          |    50 |     1 ||    51
       Constrict         |    16 |       ||    16
       Kick              |     5 |       ||     5
       Tentacles         |     4 |       ||     4
       Punch             |     1 |       ||     1
 Cast: Beastly Appendage |     9 |       ||     9
  Use: Potion            |       |     1 ||     1
 Stab: Sleeping          |     5 |       ||     5
Armor: Skin              |     7 |       ||     7
Dodge: Dodged            |    44 |     4 ||    48
